Map: Catalyst LE

Players

eYeTrIcK - Winner!

  • Race: Zerg Zerg
  • League: Diamond
  • Spawn Location: 11:00

Dargo

  • Race: Zerg Zerg
  • League: Master
  • Spawn Location: 5:00

VOD

Have the link to the VOD?

Description

woo

Time

  • Played on: Jan. 5, 2018, 12:59 a.m.
  • Length: 15:16
Show
View Real Time Build Order
Export as new Build Order

eYeTrIcK Zerg - Winner!

Build Orders: Hatch First 

Get SALT Encoding   

  12  0:01  Drone  
  13  0:13  Overlord  
  13  0:18  Drone  
  14  0:31  Drone x2  
  16  0:40  Drone  
  17  0:53  Hatchery  
  17  0:55  Drone  
  17  0:58  Extractor  
  17  1:01  Drone  
  17  1:16  Spawning Pool  
  16  1:24  Drone  
  16  1:25  Drone  
  18  1:30  Drone  
  19  1:39  Overlord  
  19  2:03  Queen  
  19  2:04  Queen  
  19  2:05  Metabolic Boost  
  23  2:09  Drone x2  
  25  2:22  Drone x3  
  28  2:26  Drone  
  29  2:36  Zergling x4  
  31  2:42  Baneling Nest  
  30  2:46  Zergling x4  
  32  2:52  Zergling x2  
  33  3:08  Drone x3  
  35  3:23  Zergling x2  
  35  3:24  Overlord x2  
  36  3:33  Hatchery  
  35  3:39  Queen  
  34  3:50  Extractor, Drone x2  
  34  3:51  Drone  
  34  3:52  Roach Warren  
  32  4:07  Overlord, Drone x3  
  32  4:09  Drone, Zergling x2  
  38  4:10  Zergling x2  
  38  4:18  Zergling x2  
  37  4:26  Zergling x2  
  37  4:29  Baneling x2  
  38  4:34  Zergling x4  
  39  4:44  Roach x4  
  46  4:50  Roach x2  
  46  4:51  Roach x3  
  52  4:54  Spine Crawler  
  47  5:01  Roach  
  47  5:17  Zergling x12  
  51  5:32  Lair  
  51  5:36  Evolution Chamber  
  51  5:40  Baneling x4  
  44  5:56  Drone  
  44  5:57  Drone x4  
  43  6:25  Drone x8  
  51  6:27  Drone  
  51  6:28  Drone  
  51  6:31  Ravager x2  
  55  6:34  Ravager  
  55  6:35  Ravager  
  57  6:43  Spine Crawler  
  56  6:47  Glial Reconstitution, Zerg Missile Weapons Level 1  
  56  6:52  Extractor, Drone x2  
  56  7:24  Drone  
  56  7:25  Drone  
  56  7:26  Overlord x4  
  58  7:44  Queen  
  58  7:46  Roach x11  
  58  7:47  Roach  
  84  8:00  Pneumatized Carapace  
  84  8:10  Roach x3  
  84  8:11  Overlord x3  
  90  8:13  Overseer  
  90  8:33  Roach x7  
  104  8:34  Roach  
  106  8:49  Overlord x2  
  106  8:50  Overlord x2  
  106  8:56  Zerg Missile Weapons Level 2  
  106  9:11  Drone x8  
  114  9:32  Roach x7  
  114  9:35  Ravager x2  
  114  9:36  Ravager  
  131  10:00  Hydralisk Den  
  131  10:03  Burrow  
  131  10:05  Roach x3  
  131  10:06  Overlord x4  
  136  10:21  Spine Crawler  
  135  10:33  Spine Crawler x2  
  133  10:45  Hydralisk x7  
  133  10:46  Zergling x2  
  133  10:47  Zergling x10  
  153  10:51  Spine Crawler x2  
  153  10:53  Spine Crawler  
  150  11:11  Zergling x2  
  150  11:12  Zergling x22  
  150  11:13  Zerg Ground Armor Level 1  
  162  11:26  Overlord x2, Lurker Den  
  162  11:27  Overlord  
  150  12:10  Hydralisk x7  
  150  12:11  Overlord x2  
  132  12:45  Spine Crawler  
  132  12:47  Spine Crawler  
  132  12:51  Spine Crawler  
  126  12:53  Drone x12  
  126  12:55  Overseer x2  
  135  13:09  Spore Crawler  
  132  13:20  Drone  
  133  13:48  Roach x6  
  137  13:50  Ravager x2  
  79  14:27  Roach  
  79  14:28  Roach x5  
  85  14:56  Zergling x4, Roach x2  
Show
View Real Time Build Order
Export as new Build Order

Dargo Zerg 

Build Orders: Hatch First 

Get SALT Encoding   

  12  0:01  Drone  
  13  0:12  Overlord  
  13  0:17  Drone  
  14  0:31  Drone x2  
  16  0:37  Drone  
  17  0:48  Drone  
  18  0:57  Hatchery  
  18  1:01  Drone  
  18  1:04  Extractor  
  17  1:17  Spawning Pool  
  17  1:18  Drone  
  17  1:21  Drone  
  18  1:28  Drone  
  19  1:45  Overlord  
  19  2:04  Queen  
  19  2:05  Metabolic Boost, Zergling x4  
  23  2:09  Queen  
  23  2:12  Drone x2  
  27  2:20  Drone  
  27  2:22  Drone  
  29  2:28  Baneling Nest  
  28  2:30  Drone  
  28  2:32  Drone  
  30  2:42  Drone  
  31  2:56  Hatchery  
  30  3:00  Zergling x6  
  30  3:05  Drone x2  
  34  3:13  Overlord  
  34  3:23  Baneling x2  
  34  3:24  Baneling x2  
  34  3:27  Zergling x2  
  34  3:29  Overlord x2  
  35  3:41  Zergling x6  
  37  3:50  Zergling x10  
  42  4:02  Zergling x2  
  42  4:03  Zergling x8  
  42  4:09  Overlord, Queen  
  46  4:13  Zergling x4  
  46  4:16  Baneling x3  
  41  4:58  Zergling x2  
  41  4:59  Zergling x24  
  52  5:07  Drone  
  52  5:11  Roach Warren  
  49  5:16  Drone x3  
  49  5:29  Drone x2  
  49  5:30  Drone  
  52  5:37  Overlord  
  52  5:38  Overlord  
  43  5:55  Zergling x2  
  43  5:56  Roach x7  
  54  6:02  Lair  
  54  6:04  Extractor  
  54  6:05  Drone x3  
  54  6:06  Zergling x4  
  58  6:22  Drone  
  58  6:23  Drone x3  
  62  6:28  Overlord x2  
  62  6:33  Drone x4  
  62  6:36  Evolution Chamber  
  62  6:37  Extractor, Drone  
  62  6:38  Extractor, Roach  
  62  6:39  Roach x2  
  70  6:47  Drone  
  70  6:48  Drone x2  
  70  6:50  Roach  
  75  6:57  Roach x4  
  82  7:05  Roach x3  
  82  7:07  Roach  
  87  7:13  Roach  
  87  7:14  Roach x2  
  93  7:22  Glial Reconstitution  
  93  7:26  Overlord x2  
  93  7:32  Roach  
  93  7:33  Roach  
  97  7:39  Overlord x2  
  97  7:47  Zerg Missile Weapons Level 1  
  97  7:48  Roach  
  97  7:49  Roach x2  
  103  7:53  Roach  
  103  7:57  Roach  
  107  7:59  Roach x2  
  107  8:01  Roach  
  107  8:04  Roach  
  115  8:08  Roach  
  115  8:10  Overlord  
  117  8:17  Roach x2  
  121  8:23  Ravager  
  121  8:26  Overlord x2  
  122  8:30  Ravager  
  122  8:31  Ravager  
  122  8:32  Ravager  
  125  8:34  Roach  
  125  8:38  Roach  
  129  8:44  Roach x3  
  135  8:49  Overlord, Roach  
  135  8:50  Overlord  
  137  8:56  Overlord  
  137  8:57  Overlord  
  137  9:08  Roach x4  
  145  9:11  Roach  
  145  9:12  Roach  
  149  9:17  Burrow  
  149  9:20  Roach  
  149  9:24  Tunneling Claws  
  151  9:29  Roach x2  
  155  9:33  Overseer  
  151  9:51  Zerg Missile Weapons Level 2  
  151  9:52  Roach x2  
  155  9:53  Overlord  
  155  9:54  Overlord  
  155  9:56  Roach  
  155  9:57  Roach  
  161  10:00  Roach  
  161  10:03  Roach  
  161  10:04  Overlord  
  161  10:05  Drone  
  164  10:07  Extractor  
  161  10:24  Roach  
  161  10:25  Roach x6  
  171  10:31  Roach x2  
  167  10:46  Roach x5  
  167  10:48  Roach  
  179  10:50  Roach  
  179  10:56  Extractor  
  178  10:58  Ravager x2  
  178  11:00  Ravager  
  181  11:07  Roach x3  
  187  11:36  Roach x3  
  187  11:59  Roach x6  
  185  12:03  Roach x6  
  185  12:06  Roach x7  
  185  12:08  Roach x4  
  188  12:37  Overlord x5  
  174  12:48  Roach x6  
  168  13:00  Roach x5  
  168  13:01  Roach x2  
  180  13:11  Roach  
  182  13:15  Hatchery  
  169  13:33  Roach x43  
  169  13:35  Ravager x3  
  169  13:38  Ravager  
  169  13:39  Ravager  
  169  13:40  Ravager  
  177  13:41  Roach x5  
  185  13:52  Roach x39  
  185  13:55  Roach x3  
  191  13:57  Roach x23  
  189  14:03  Ravager  
  121  14:18  Roach x15  
  93  14:31  Roach x14  
  93  14:33  Roach x5  
  93  14:34  Spine Crawler  
  97  14:49  Roach  
  97  14:50  Roach  
Tags
 
Add a new tag
Caveats
  • Supply blocks, unpowered buildings, or Contaminate may cause inaccurate times.
  • Supply counts are checked every 10 seconds.